2898 views
Uploaded 2020-03-30 21:35:27
Game version 1.32.3
12:24 long 3on3 ladder game on (6)Monsoon_LV
Saved by BEARAND
2898 views
Uploaded 2020-03-30 21:35:27
Game version 1.32.3
12:24 long 3on3 ladder game on (6)Monsoon_LV


43 units @ 3.6k
/ 0k
84 buildings @ 8.4k
/ 3.6k


| Lesser Clarity Potion | 1 | 70 |
| Boots of Speed | 1 | 250 |
| Periapt of Vitality | 1 | 325 |
| Staff of Teleportation | 1 | 150 |
| Healing Salve | 1 | 100 |
| total: | 5 | 895g |
| Acolyte | 7 | 525 | / | 0 |
| Ghoul | 6 | 720 | / | 0 |
| total: | 13 | 1245g | / | 0w |
| Altar of Darkness | 1 | 180 | / | 50 |
| Crypt | 1 | 200 | / | 50 |
| Ziggurat | 6 | 900 | / | 300 |
| Necropolis | 1 | 225 | / | 0 |
| Graveyard | 1 | 215 | / | 0 |
| Tomb of Relics | 3 | 390 | / | 90 |
| Halls of the Dead | 1 | 320 | / | 210 |
| Black Citadel | 1 | 325 | / | 230 |
| total: | 13 | 2110g | / | 490w |
| 0:04 | Acolyte |
| 0:11 | Altar of Darkness |
| 0:13 | Crypt |
| 0:17 | Acolyte |
| 0:34 | Ziggurat |
| 1:17 | Ghoul |
| 1:18 | Ghoul |
| 1:36 | Necropolis |
| 1:46 | Ghoul |
| 2:01 | Ghoul |
| 2:25 | Death Coil |
| 2:27 | Ghoul |
| 2:46 | Ghoul |
| 4:41 | Boots of Speed |
| 4:41 | Periapt of Vitality |
| 4:46 | Halls of the Dead |
| 5:05 | Unholy Aura |
| 5:15 | Graveyard |
| 6:13 | Death Coil |
| 6:40 | Healing Salve |
| 6:45 | Lesser Clarity Potion |
| 6:59 | Acolyte |
| 7:45 | Staff of Teleportation |
| 8:04 | Black Citadel |
| 8:31 | Frost Nova |
| 8:43 | Tomb of Relics |
| 8:45 | Acolyte |
| 8:51 | Acolyte |
| 9:08 | Acolyte |
| 9:08 | Acolyte |
| 9:51 | Tomb of Relics |
| 9:52 | Tomb of Relics |
| 10:37 | Ziggurat |
| 10:38 | Ziggurat |
| 10:39 | Ziggurat |
| 10:39 | Ziggurat |
| 10:41 | Ziggurat |
| Right click | 776 |
| Select group | 440 |
| Chat | 129 |
| Select | 88 |
| Resource trade | 73 |
| Build/train/purchase | 28 |
| Use ability | 24 |
| Minimap ping | 15 |
| Misc. action | 13 |
| Item give/drop | 11 |
| Assign group | 7 |



| Staff of Sanctuary | 1 | 250 |
| Healing Salve | 3 | 300 |
| Orb of Lightning | 1 | 375 |
| total: | 5 | 925g |
| Peasant | 12 | 900 | / | 0 |
| Priest | 1 | 135 | / | 10 |
| total: | 13 | 1035g | / | 10w |
| Scout Tower | 33 | 990 | / | 660 |
| Arcane Tower | 5 | 350 | / | 250 |
| Guard Tower | 21 | 1470 | / | 1050 |
| Altar of Kings | 1 | 180 | / | 50 |
| Farm | 4 | 320 | / | 80 |
| Lumber Mill | 1 | 120 | / | 0 |
| Arcane Vault | 3 | 390 | / | 90 |
| Town Hall | 1 | 385 | / | 205 |
| Arcane Sanctum | 1 | 150 | / | 140 |
| Keep | 2 | 640 | / | 420 |
| Castle | 1 | 360 | / | 210 |
| total: | 44 | 2535g | / | 1225w |
| 0:01 | Peasant |
| 0:01 | Peasant |
| 0:07 | Altar of Kings |
| 0:12 | Peasant |
| 0:18 | Farm |
| 0:37 | Lumber Mill |
| 0:51 | Peasant |
| 1:14 | Peasant |
| 1:14 | Peasant |
| 1:24 | Scout Tower |
| 1:26 | Scout Tower |
| 1:28 | Peasant |
| 1:32 | Farm |
| 1:39 | Scout Tower |
| 1:44 | Scout Tower |
| 1:52 | Arcane Tower |
| 1:57 | Arcane Tower |
| 1:58 | Peasant |
| 2:09 | Blizzard |
| 2:17 | Guard Tower |
| 2:26 | Guard Tower |
| 2:30 | Scout Tower |
| 2:32 | Scout Tower |
| 2:36 | Peasant |
| 2:37 | Peasant |
| 2:37 | Peasant |
| 2:37 | Peasant |
| 2:44 | Scout Tower |
| 2:46 | Scout Tower |
| 3:27 | Guard Tower |
| 3:29 | Guard Tower |
| 3:29 | Guard Tower |
| 3:30 | Scout Tower |
| 3:31 | Scout Tower |
| 3:32 | Scout Tower |
| 3:37 | Keep |
| 3:40 | Scout Tower |
| 4:06 | Guard Tower |
| 4:14 | Guard Tower |
| 4:17 | Scout Tower |
| 4:18 | Scout Tower |
| 4:18 | Scout Tower |
| 4:18 | Scout Tower |
| 4:22 | Farm |
| 4:23 | Farm |
| 4:26 | Scout Tower |
| 4:26 | Scout Tower |
| 4:32 | Improved Masonry |
| 4:44 | Healing Salve |
| 5:01 | Brilliance Aura |
| 5:12 | Guard Tower |
| 5:29 | Guard Tower |
| 5:30 | Scout Tower |
| 5:31 | Scout Tower |
| 5:31 | Scout Tower |
| 5:32 | Scout Tower |
| 5:38 | Guard Tower |
| 5:39 | Scout Tower |
| 5:40 | Scout Tower |
| 5:41 | Scout Tower |
| 5:58 | Healing Salve |
| 6:03 | Guard Tower |
| 6:08 | Improved Lumber Harvesting |
| 6:11 | Arcane Sanctum |
| 6:23 | Advanced Masonry |
| 7:01 | Storm Bolt |
| 7:03 | Castle |
| 7:04 | Arcane Tower |
| 7:20 | Guard Tower |
| 7:24 | Healing Salve |
| 7:38 | Magic Sentry |
| 7:39 | Priest |
| 7:57 | Guard Tower |
| 7:57 | Guard Tower |
| 7:59 | Arcane Tower |
| 7:59 | Guard Tower |
| 8:00 | Guard Tower |
| 8:01 | Scout Tower |
| 8:02 | Scout Tower |
| 8:03 | Scout Tower |
| 8:12 | Scout Tower |
| 8:13 | Scout Tower |
| 8:14 | Scout Tower |
| 8:47 | Arcane Vault |
| 8:49 | Arcane Vault |
| 8:50 | Arcane Vault |
| 8:55 | Town Hall |
| 9:00 | Scout Tower |
| 9:01 | Scout Tower |
| 9:43 | Arcane Tower |
| 10:16 | Blizzard |
| 10:30 | Imbued Masonry |
| 10:34 | Bash |
| 10:42 | Holy Light |
| 10:44 | Guard Tower |
| 11:06 | Orb of Lightning |
| 11:33 | Staff of Sanctuary |
| Right click | 1010 |
| Select | 292 |
| Build/train/purchase | 152 |
| Select group | 81 |
| Chat | 68 |
| Use ability | 37 |
| Assign group | 9 |
| Item give/drop | 7 |
| Misc. action | 5 |
| Minimap ping | 2 |



| Healing Salve | 2 | 200 |
| Lesser Clarity Potion | 4 | 280 |
| Boots of Speed | 3 | 750 |
| Staff of Teleportation | 3 | 450 |
| Circlet of Nobility | 1 | 175 |
| total: | 13 | 1855g |
| Peon | 17 | 1275 | / | 0 |
| total: | 17 | 1275g | / | 0w |
| Watch Tower | 18 | 1980 | / | 1440 |
| Altar of Storms | 2 | 360 | / | 100 |
| Orc Burrow | 2 | 320 | / | 80 |
| War Mill | 2 | 410 | / | 0 |
| Voodoo Lounge | 2 | 260 | / | 60 |
| Great Hall | 1 | 385 | / | 185 |
| Stronghold | 1 | 315 | / | 190 |
| Fortress | 1 | 325 | / | 190 |
| total: | 27 | 3715g | / | 1865w |
| 0:01 | Peon |
| 0:03 | Altar of Storms |
| 0:03 | Altar of Storms |
| 0:06 | Peon |
| 0:17 | Orc Burrow |
| 0:20 | Peon |
| 0:39 | War Mill |
| 0:52 | War Mill |
| 0:57 | Peon |
| 1:11 | Voodoo Lounge |
| 1:17 | Peon |
| 1:26 | Peon |
| 1:36 | Peon |
| 1:51 | Peon |
| 2:09 | Watch Tower |
| 2:11 | Wind Walk |
| 2:13 | Healing Salve |
| 2:14 | Healing Salve |
| 2:14 | Lesser Clarity Potion |
| 2:14 | Lesser Clarity Potion |
| 2:20 | Watch Tower |
| 2:27 | Peon |
| 2:27 | Peon |
| 2:35 | Peon |
| 2:35 | Peon |
| 3:32 | Stronghold |
| 3:34 | Watch Tower |
| 3:49 | Boots of Speed |
| 3:54 | Staff of Teleportation |
| 4:29 | Watch Tower |
| 5:23 | Voodoo Lounge |
| 5:35 | Boots of Speed |
| 5:35 | Staff of Teleportation |
| 5:52 | Great Hall |
| 5:56 | Watch Tower |
| 5:56 | Watch Tower |
| 6:00 | Lesser Clarity Potion |
| 6:12 | Watch Tower |
| 6:33 | Orc Burrow |
| 6:59 | Watch Tower |
| 7:09 | Critical Strike |
| 7:38 | Fortress |
| 7:40 | Watch Tower |
| 8:04 | Watch Tower |
| 8:17 | Lesser Clarity Potion |
| 8:24 | Watch Tower |
| 8:36 | War Stomp |
| 8:41 | Wind Walk |
| 8:49 | Watch Tower |
| 8:50 | Watch Tower |
| 9:21 | Boots of Speed |
| 9:22 | Staff of Teleportation |
| 9:22 | Circlet of Nobility |
| 9:34 | Watch Tower |
| 9:36 | Peon |
| 9:36 | Peon |
| 10:42 | Watch Tower |
| 10:43 | Peon |
| 10:43 | Peon |
| 10:43 | Peon |
| 10:52 | Watch Tower |
| 10:52 | Watch Tower |
| 11:47 | Watch Tower |
| 12:13 | Healing Wave |
| Right click | 648 |
| Assign group | 403 |
| Select group | 165 |
| Select | 127 |
| Chat | 100 |
| Build/train/purchase | 72 |
| Use ability | 14 |
| Item give/drop | 6 |
| Minimap ping | 1 |
60 units @ 7.2k
/ 0.8k
36 buildings @ 6k
/ 2.3k


| Rod of Necromancy | 3 | 450 |
| Sacrificial Skull | 1 | 50 |
| Lesser Clarity Potion | 1 | 70 |
| Potion of Healing | 1 | 150 |
| Potion of Mana | 1 | 200 |
| Dust of Appearance | 1 | 75 |
| Healing Salve | 1 | 100 |
| total: | 9 | 1095g |
| Acolyte | 11 | 825 | / | 0 |
| Ghoul | 2 | 240 | / | 0 |
| Crypt Fiend | 7 | 1505 | / | 280 |
| total: | 20 | 2570g | / | 280w |
| Spirit Tower | 1 | 145 | / | 40 |
| Graveyard | 1 | 215 | / | 0 |
| Crypt | 1 | 200 | / | 50 |
| Ziggurat | 6 | 900 | / | 300 |
| Altar of Darkness | 1 | 180 | / | 50 |
| Tomb of Relics | 1 | 130 | / | 30 |
| Necropolis | 2 | 450 | / | 0 |
| Sacrificial Pit | 1 | 75 | / | 150 |
| Halls of the Dead | 1 | 320 | / | 210 |
| Black Citadel | 1 | 325 | / | 230 |
| Chimaera Roost | 2 | 280 | / | 380 |
| total: | 15 | 2430g | / | 960w |
| 0:03 | Acolyte |
| 0:08 | Graveyard |
| 0:14 | Crypt |
| 0:19 | Acolyte |
| 0:21 | Ziggurat |
| 0:38 | Altar of Darkness |
| 1:10 | Ziggurat |
| 1:16 | Ghoul |
| 1:20 | Tomb of Relics |
| 1:31 | Ghoul |
| 1:45 | Crypt Fiend |
| 1:47 | Acolyte |
| 2:05 | Acolyte |
| 2:12 | Crypt Fiend |
| 2:30 | Acolyte |
| 2:41 | Death Coil |
| 2:43 | Rod of Necromancy |
| 2:43 | Sacrificial Skull |
| 2:52 | Crypt Fiend |
| 3:04 | Acolyte |
| 3:10 | Acolyte |
| 3:16 | Acolyte |
| 4:05 | Rod of Necromancy |
| 4:37 | Halls of the Dead |
| 4:42 | Ziggurat |
| 4:43 | Ziggurat |
| 4:58 | Unholy Aura |
| 5:40 | Spirit Tower |
| 5:51 | Lesser Clarity Potion |
| 5:52 | Healing Salve |
| 6:22 | Necropolis |
| 6:36 | Crypt Fiend |
| 7:13 | Acolyte |
| 7:13 | Acolyte |
| 7:13 | Acolyte |
| 7:16 | Crypt Fiend |
| 7:31 | Dust of Appearance |
| 7:31 | Rod of Necromancy |
| 7:45 | Crypt Fiend |
| 7:56 | Ziggurat |
| 8:12 | Web |
| 8:19 | Death Coil |
| 9:20 | Unholy Aura |
| 9:24 | Force of Nature |
| 9:37 | Potion of Healing |
| 9:37 | Potion of Mana |
| 9:41 | Frost Nova |
| 9:51 | Chimaera Roost |
| 9:53 | Chimaera Roost |
| 10:05 | Black Citadel |
| 10:09 | Necropolis |
| 10:45 | Sacrificial Pit |
| 11:38 | Ziggurat |
| 11:50 | Crypt Fiend |
| Select group | 547 |
| Right click | 399 |
| Select | 279 |
| Misc. action | 137 |
| Build/train/purchase | 55 |
| Assign group | 29 |
| Use ability | 22 |
| Item give/drop | 1 |
| Esc | 1 |
| Minimap ping | 1 |

| Lesser Clarity Potion | 2 | 140 |
| Dust of Appearance | 1 | 75 |
| total: | 3 | 215g |
| Wisp | 12 | 720 | / | 0 |
| Archer | 7 | 910 | / | 70 |
| Huntress | 1 | 195 | / | 20 |
| total: | 20 | 1825g | / | 90w |
| Altar of Elders | 1 | 180 | / | 50 |
| Ancient of War | 1 | 150 | / | 60 |
| Moon Well | 4 | 720 | / | 160 |
| Ancient of Wonders | 1 | 90 | / | 30 |
| Hunter's Hall | 1 | 210 | / | 100 |
| Tree of Life | 1 | 340 | / | 185 |
| Ancient of Wind | 1 | 150 | / | 140 |
| Tree of Ages | 1 | 320 | / | 180 |
| Tree of Eternity | 1 | 330 | / | 200 |
| total: | 10 | 1840g | / | 725w |
| 0:06 | Altar of Elders |
| 0:07 | Wisp |
| 0:09 | Wisp |
| 0:10 | Wisp |
| 0:37 | Ancient of War |
| 0:43 | Wisp |
| 0:50 | Moon Well |
| 0:57 | Wisp |
| 1:07 | Wisp |
| 1:30 | Moon Well |
| 1:42 | Archer |
| 1:49 | Wisp |
| 2:02 | Ancient of Wonders |
| 2:05 | Archer |
| 2:08 | Wisp |
| 2:36 | Wisp |
| 2:38 | Archer |
| 2:49 | Force of Nature |
| 3:01 | Archer |
| 3:29 | Archer |
| 3:30 | Tree of Ages |
| 4:01 | Entangling Roots |
| 5:02 | Dust of Appearance |
| 5:20 | Lesser Clarity Potion |
| 5:23 | Archer |
| 5:30 | Archer |
| 5:36 | Hunter's Hall |
| 6:02 | Wisp |
| 6:02 | Wisp |
| 6:03 | Wisp |
| 6:08 | Moon Well |
| 6:39 | Entangling Roots |
| 7:05 | Tree of Life |
| 7:08 | Tree of Eternity |
| 7:23 | Ancient of Wind |
| 7:34 | Lesser Clarity Potion |
| 7:40 | Huntress |
| 8:01 | Moon Well |
| Right click | 151 |
| Select | 104 |
| Select group | 43 |
| Build/train/purchase | 34 |
| Misc. action | 23 |
| Use ability | 11 |
| Assign group | 7 |
| Minimap ping | 7 |
| Item give/drop | 2 |

| Healing Salve | 2 | 200 |
| Scroll of Speed | 1 | 50 |
| Lesser Clarity Potion | 1 | 70 |
| total: | 4 | 320g |
| Peon | 8 | 600 | / | 0 |
| Raider | 12 | 2160 | / | 480 |
| total: | 20 | 2760g | / | 480w |
| Watch Tower | 1 | 110 | / | 80 |
| Orc Burrow | 5 | 800 | / | 200 |
| Altar of Storms | 1 | 180 | / | 50 |
| War Mill | 1 | 205 | / | 0 |
| Voodoo Lounge | 1 | 130 | / | 30 |
| Beastiary | 2 | 290 | / | 280 |
| Stronghold | 1 | 315 | / | 190 |
| total: | 11 | 1715g | / | 640w |
| 0:03 | Peon |
| 0:03 | Peon |
| 0:09 | Peon |
| 0:24 | Peon |
| 0:27 | Orc Burrow |
| 0:38 | Peon |
| 1:05 | Altar of Storms |
| 1:08 | Peon |
| 1:26 | Peon |
| 2:03 | War Mill |
| 2:51 | Stronghold |
| 3:11 | Endurance Aura |
| 3:19 | Watch Tower |
| 3:29 | Orc Burrow |
| 4:10 | Voodoo Lounge |
| 4:29 | Orc Burrow |
| 5:13 | Beastiary |
| 5:22 | Healing Salve |
| 5:35 | Beastiary |
| 5:44 | Peon |
| 6:04 | Orc Burrow |
| 6:43 | Raider |
| 6:44 | Raider |
| 6:50 | Healing Salve |
| 6:52 | Scroll of Speed |
| 6:55 | Steel Melee Weapons |
| 7:02 | Orc Burrow |
| 7:10 | Raider |
| 7:15 | Raider |
| 7:28 | Raider |
| 7:32 | Pillage |
| 7:53 | Raider |
| 8:00 | Raider |
| 8:13 | Raider |
| 8:19 | Raider |
| 8:30 | Lesser Clarity Potion |
| 9:09 | Raider |
| 9:10 | Raider |
| 9:49 | Raider |
| Right click | 147 |
| Select | 109 |
| Build/train/purchase | 30 |
| Resource trade | 24 |
| Select group | 20 |
| Use ability | 4 |
| Assign group | 3 |
⇛